 Dungeon Crawl Stone Soup version 0.22.1-1-ga44c0e56f4 (webtiles) character file.

158961 Narretz the Severer (level 17, -8/202 HPs)
             Began as a Demonspawn Berserker on Nov 7, 2018.
             Was a High Priest of Trog.
             Mangled by a shambling mangrove (23 damage)
             ... on level 1 of the Swamp on Nov 9, 2018.
             The game lasted 03:35:55 (32411 turns).

Narretz the Severer (Demonspawn Berserker)         Turns: 32411, Time: 03:35:56

Health: -8/202     AC: 20    Str: 30    XL:     17   Next: 15%
Magic:  5/5        EV: 15    Int: 10    God:    Trog [*****.]
Gold:   3746       SH:  0    Dex: 23    Spells: 16/16 levels left

rFire    . . .     SeeInvis +   Y - +4 executioner's axe (antimagic)
rCold    + . .     Gourm    .   (shield currently unavailable)
rNeg     + . .     Faith    .   Q - +3 chain mail {rC+}
rPois    +         Spirit   .   (helmet unavailable)
rElec    .         Reflect  .   h - +1 cloak {MR+}
rCorr    .         Harm     .   (gloves unavailable)
MR       ++...                  n - +1 pair of boots of the Depths {rPois rN+ Str+4}
Stlth    ..........             F - amulet of regeneration
HPRegen  0.83/turn              Z - +3 ring of dexterity
MPRegen  0.09/turn              A - ring of see invisible

@: agile, berserking, grasped by roots, very quick
A: claws 3, horns 3, talons 1, powered by pain 2, rot immunity
a: Berserk, Trog's Hand, Brothers in Arms, Renounce Religion


You were on level 1 of the Swamp.
You worshipped Trog.
Trog was extremely pleased with you.
You were near starving.

You visited 6 branches of the dungeon, and saw 28 of its levels.
You also visited: Ice Cave.

You collected 4332 gold pieces.
You spent 586 gold pieces at shops.

Inventory:

Hand Weapons
 o - a +4 hunting sling of flaming
 Y - a +4 antimagic executioner's axe (weapon)
Missiles
 a - 7 javelins of penetration
 f - 6 poisoned tomahawks
 g - 9 tomahawks of returning
 x - 27 tomahawks (quivered)
 B - 158 sling bullets
 H - 2 steel tomahawks
Armour
 h - a +1 cloak of magic resistance (worn)
 n - the +1 pair of boots of the Depths (worn) {rPois rN+ Str+4}
   (You found it on level 1 of the Lair of Beasts)

   It affects your strength (+4).
   It protects you from poison.
   It protects you from negative energy.
 r - the +1 scale mail of Gravity {rElec rCorr Str+6 Dex-4}
   (You found it on level 12 of the Dungeon)

   It affects your strength (+6).
   It affects your dexterity (-4).
   It insulates you from electricity.
   It provides partial protection from all sources of acid and corrosion.
 C - a scarf of cloud immunity
 Q - a +3 chain mail of cold resistance (worn)
Jewellery
 b - an uncursed amulet of guardian spirit
 m - an uncursed ring of protection from cold
 A - a ring of see invisible (right claw)
 F - an amulet of regeneration (around neck)
 V - an uncursed ring of poison resistance
 W - an uncursed ring of positive energy
 Z - a +3 ring of dexterity (left claw)
Wands
 J - a wand of scattershot (5)
 L - a wand of acid (10)
 P - a wand of digging (24)
 R - a wand of clouds (9)
 T - a wand of iceblast (2)
Scrolls
 e - 12 scrolls of teleportation
 k - 4 scrolls of fear
 q - 6 scrolls of remove curse
 u - 11 scrolls of magic mapping
 K - a scroll of fog
 M - 2 scrolls of identify
 S - a scroll of silence
Potions
 d - a potion of magic
 i - 8 potions of brilliance
 j - 2 potions of curing
 s - 8 potions of flight
 v - 2 potions of resistance
 y - 5 potions of ambrosia
 z - 3 potions of invisibility
 D - 4 potions of lignification
 E - 3 potions of might
 I - 2 potions of cancellation
 N - 6 potions of agility
 O - a potion of berserk rage
 X - a potion of heal wounds
Comestibles
 c - 22 rations
 l - 5 chunks of flesh


   Skills:
 + Level 12.4 Fighting
 * Level 18.9 Axes
 - Level 4.8(7.1) Slings
 + Level 8.0(8.6) Throwing
 + Level 12.4 Armour
 * Level 9.6 Dodging
 - Level 1.4 Stealth
 + Level 0.5 Evocations


You had 16 spell levels left.
You didn't know any spells.
Your spell library was empty.

Dungeon Overview and Level Annotations

Branches:
Dungeon (15/15)            Temple (0/1) D:4            Lair (6/6) D:9
  Swamp (1/4) Lair:4       Spider (3/4) Lair:2        Slime (0/5) Lair:6
    Orc (2/2) D:10            Elf (1/3) Orc:2        Vaults (0/5) D:13
 Depths (0/5) D:15

Altars:
Dithmenos
Elyvilon
Gozag
Kikubaaqudgha
Qazlal
Ru
Vehumet
Xom
Zin
The Shining One
Beogh
Jiyva

Shops:
D:10 ***:   D:11 :   D:13 [   Orc:1 !   Orc:2 ([*:

Annotations:
D:5 exclusion: door
D:7 1 runed door
D:8 1 exclusion
D:9 exclusion: 2 doors


Innate Abilities, Weirdness & Mutations

You have claws for hands.
You have a pair of large horns on your head.
You have sharp toenails.
You sometimes gain power by taking damage.
You are immune to rotting.


Message History

You feel agile all of a sudden.
You hit the shambling mangrove.
Your headbutt misses the shambling mangrove.
The shambling mangrove is severely damaged.
You hit the shambling mangrove. You barely miss the hornet.
The ground creaks as gnarled roots bulge its surface.
The spriggan rider hits you but does no damage.
The hornet barely misses you. The shambling mangrove hits you.
* * * LOW HITPOINT WARNING * * *
You open the shambling mangrove like a pillowcase!!!!
You destroy the shambling mangrove!
Trog accepts your kill.
The grasping roots settle back into the ground.
You barely miss the shambling mangrove. You chop the hornet into pieces!!!
You kill the hornet!
Trog accepts your kill.
You closely miss the hornet.
The hornet stings you but does no damage.
The shambling mangrove hits you!!
You die...

.≈≈≈...≈≈...♣♣♣♣≈.......♣,≈≈≈≈≈≈,
.≈≈≈≈≈≈≈.≈≈...≈♣.≈≈≈.≈♣♣♣.≈≈≈,,**
.≈≈≈≈≈≈≈≈≈≈≈≈....≈≈≈≈≈♣*♣.≈≈≈≈,**
.≈≈≈≈≈≈≈≈.≈≈≈.≈≈.≈≈≈.≈♣♣.....,,≈*
≈.≈≈≈≈≈≈§≈≈≈≈.♣♣≈....♣..≈..♣♣,≈,,
...≈≈..≈..≈≈....)♣..≈♣.≈≈≈.%♣,≈≈,
.♣.≈≈...♣.≈..≈≈≈(♣♣.(≈.≈≈≈...≈***
.≈♣♣♣♣≈≈♣.≈≈..≈≈≈f♣♣§..≈≈≈...,***
.♣♣**≈..♣.≈≈≈..≈@♣§f≈(.≈≈≈...,,*,
.♣ *,≈,*≈.≈.♣§i≈y†♣♣♣.≈.....≈≈,**
♣♣ *,,***.≈≈..≈≈≈..≈♣........≈,*≈
♣ **** *≈.≈≈≈.≈≈≈≈....≈≈≈...,*≈≈
♣♣♣♣ *≈.≈≈≈..≈≈≈≈≈≈.≈≈.§..*≈≈≈
...♣♣♣♣ *≈.≈≈..≈.≈≈≈≈≈..≈≈...≈≈≈≈
.≈≈...♣ *♣♣.≈≈♣..≈≈≈≈≈≈≈≈≈§≈.*≈≈≈
...≈≈≈♣ *≈.≈...≈≈.≈≈.(≈≈≈.≈≈,*≈≈
♣≈≈...♣ *≈,,≈≈≈≈≈≈≈≈≈≈≈≈≈,≈≈,**≈


You could see a shambling mangrove, a spriggan rider and a hornet.

Vanquished Creatures
  Saint Roka (Orc:2)
  Frances (Swamp:1)
  An orc warlord (Orc:1)
  An emperor scorpion (Spider:2)
  2 very ugly things (IceCv)
  The ghost of Hedig the Geomancer, a journeyman GrEE of Vehumet (Lair:2)
  10 hydras
  2 rakshasas (D:15)
  Erolcha (Orc:1)
  6 catoblepae
  5 two-headed ogres
  2 centaur warriors
  2 alligators (Swamp:1)
  19 death yaks
  A queen ant (Spider:1)
  Urug (Orc:2)
  4 tengu warriors
  4 orc high priests
  Sonja (Orc:1)
  A skeletal warrior (D:13)
  A glowing orange brain (D:15)
  A deep troll (shapeshifter) (D:13)
  A shambling mangrove (Swamp:1)
  4 unseen horrors
  5 orc knights
  9 orb spiders
  4 deep elf magi
  23 wolf spiders
  A moth of wrath (Spider:2)
  An orb spider (shapeshifter) (D:13)
  5 orc sorcerers
  4 manticores
  A faun (shapeshifter) (D:15)
  13 ugly things
  3 cyclopes
  Joseph (D:7)
  8 black mambas
  7 ice statues
  5 elephants (Lair:6)
  10 spiny frogs
  3 kobold demonologists
  A rime drake (Lair:6)
  A komodo dragon (shapeshifter) (D:13)
  An efreet (D:15)
  8 komodo dragons
  6 demonic crawlers
  A freezing wraith (D:13)
  An anaconda simulacrum (IceCv)
  17 jumping spiders
  A jumping spider (shapeshifter) (D:15)
  3 tyrant leeches
  13 blink frogs
  2 polar bears
  A bog body (Swamp:1)
  A wind drake (shapeshifter) (D:15)
  7 trolls
  4 hornets
  22 slime creatures
  2 meliai zombies
  18 hippogriffs
  49 redbacks
  A spriggan (Swamp:1)
  2 shadows
  A centaur simulacrum (D:13)
  A spriggan (shapeshifter) (D:13)
  15 tarantellas
  2 vampires
  3 wyverns
  A wraith (D:11)
  45 yaks
  2 fire elementals (Spider:3)
  3 basilisks
  A vampire mosquito (D:13)
  2 swamp worms (Swamp:1)
  5 wargs
  3 soldier ants
  2 harpy simulacra (IceCv)
  2 iron troll simulacra (IceCv)
  4 acid dragons
  A hydra simulacrum (IceCv)
  12 water moccasins
  A soldier ant (shapeshifter) (D:13)
  7 porcupines
  A hell hound (Spider:3)
  10 ice beasts
  42 orc warriors
  3 sky beasts
  An ettin simulacrum (IceCv)
  3 phantoms
  13 wolves
  A necrophage (D:7)
  17 ogres
  12 centaurs
  11 crocodiles
  3 big kobolds
  11 bullfrogs
  A wyvern zombie (D:8)
  4 scorpions
  14 killer bees
  A wight (D:13)
  8 howler monkeys
  4 electric eels
  A vampire bat (D:11)
  6 crimson imps
  7 bullfrog zombies
  7 centaur zombies
  A quasit (D:10)
  8 hounds
  11 jellies
  Crazy Yiuf (D:4)
  37 orc wizards
  A bullfrog skeleton (D:10)
  5 centaur skeletons
  10 iguanas
  30 orc priests
  18 worker ants
  2 killer bee zombies
  A hound skeleton (D:9)
  2 worker ant zombies
  A howler monkey zombie (D:9)
  Robin (D:2)
  3 howler monkey skeletons
  A gnoll (shapeshifter) (D:15)
  18 adders
  4 shadow imps
  2 oozes
  2 adder zombies
  An adder skeleton (D:4)
  2 worms
  3 dart slugs
  3 leopard geckos
  124 orcs
  4 giant cockroaches
  12 goblins
  9 hobgoblins
  6 jackals
  2 quokkas
  3 ball pythons
  16 bats
  2 frilled lizards
  A giant cockroach zombie (D:4)
  A jackal skeleton (D:5)
  A jackal zombie (D:4)
  16 kobolds
  2 leopard gecko skeletons
  A leopard gecko zombie (D:4)
  A quokka skeleton (D:4)
  A quokka zombie (D:4)
  4 rats
  A fungus (Lair:1)
  3 plants
1010 creatures vanquished.

Vanquished Creatures (collateral kills)
  Rupert (D:13)
  3 entropy weavers
  Azrael (Spider:3)
  An ettin (D:13)
  A great orb of eyes (D:13)
  2 death yaks (D:9)
  An orb spider (Spider:3)
  An ugly thing (D:13)
  A cyclops (D:13)
  A jumping spider (Lair:2)
  A blink frog (Lair:1)
  A redback (Lair:2)
  2 fire elementals (Spider:3)
  A dire elephant simulacrum (IceCv)
  2 yaks (D:9)
  An iron troll simulacrum (IceCv)
  A soldier ant (Spider:1)
  A hell hound (Spider:3)
  An ogre (D:13)
  3 centaurs (D:13)
  A big kobold (D:13)
  A bullfrog zombie (D:13)
  A jelly (D:13)
  An orc priest (Orc:2)
  An orc wizard (D:13)
  A worker ant (Spider:1)
  An orc (D:13)
34 creatures vanquished.

Vanquished Creatures (others)
  An orc (D:4)
  7 fungi
  8 plants (Lair:6)
16 creatures vanquished.

Grand Total: 1060 creatures vanquished

Notes
Turn   | Place    | Note
-------+----------+-------------------------------------------
     0 | D:1      | Narretz the Demonspawn Berserker began the quest for the
                  | Orb.
     0 | D:1      | Reached XP level 1. HP: 18/18 MP: 1/1
   547 | D:1      | Gained mutation: You sometimes gain a little power by
                  | taking damage. [demonic ancestry]
   547 | D:1      | Reached XP level 2. HP: 20/24 MP: 2/2
   631 | D:2      | Found a sacrificial altar of Ru.
   631 | D:2      | Found a radiant altar of Vehumet.
   645 | D:2      | Reached skill level 3 in Axes
   782 | D:2      | Gained mutation: You sometimes gain power by taking damage.
                  | [demonic ancestry]
   782 | D:2      | Reached XP level 3. HP: 18/29 MP: 3/3
   976 | D:2      | Noticed Robin
   991 | D:2      | Killed Robin
  1358 | D:2      | Gained mutation: You are immune to rotting. [demonic
                  | ancestry]
  1358 | D:2      | Reached XP level 4. HP: 33/37 MP: 4/4
  1374 | D:2      | Reached ** piety under Trog
  2168 | D:3      | Gained mutation: You have a pair of small horns on your
                  | head. [demonic ancestry]
  2168 | D:3      | Reached XP level 5. HP: 41/42 MP: 5/5
  2624 | D:3      | Reached skill level 4 in Axes
  2627 | D:3      | Reached *** piety under Trog
  2853 | D:4      | Found a runed door.
  2944 | D:4      | Gained mutation: You have sharp toenails. [demonic
                  | ancestry]
  2944 | D:4      | Reached XP level 6. HP: 36/48 MP: 6/6
  3227 | D:4      | Found a staircase to the Ecumenical Temple.
  3661 | D:4      | Found a white marble altar of Elyvilon.
  3661 | D:4      | Found a shadowy altar of Dithmenos.
  3666 | D:4      | Found a stormy altar of Qazlal.
  3668 | D:4      | Found an opulent altar of Gozag.
  3669 | D:4      | Found an ancient bone altar of Kikubaaqudgha.
  3747 | D:4      | Gained mutation: You have a pair of horns on your head.
                  | [demonic ancestry]
  3747 | D:4      | Reached XP level 7. HP: 55/55 MP: 7/7
  3772 | D:4      | Reached skill level 5 in Axes
  4048 | D:4      | Reached skill level 5 in Fighting
  4083 | D:4      | Reached **** piety under Trog
  4387 | D:4      | Noticed Crazy Yiuf
  4390 | D:4      | Killed Crazy Yiuf
  4445 | D:5      | Entered Level 5 of the Dungeon
  4449 | D:5      | Found an ancient bone altar of Kikubaaqudgha.
  5215 | D:5      | Reached skill level 6 in Axes
  5215 | D:5      | Reached XP level 8. HP: 51/62 MP: 8/8
  5331 | D:5      | Reached skill level 1 in Stealth
  5597 | D:5      | Found a glowing golden altar of the Shining One.
  5766 | D:6      | Found a shimmering altar of Xom.
  5781 | D:6      | Reached skill level 1 in Slings
  5781 | D:6      | Reached skill level 1 in Throwing
  7271 | D:7      | Found a runed door.
  7271 | D:7      | Noticed a sixfirhy
  7326 | D:7      | Reached skill level 5 in Armour
  7377 | D:7      | Gained mutation: You have a pair of large horns on your
                  | head. [demonic ancestry]
  7377 | D:7      | Reached XP level 9. HP: 69/69 MP: 9/9
  7465 | D:7      | Noticed Joseph
  7466 | D:7      | Reached skill level 7 in Axes
  7476 | D:7      | Killed Joseph
  8601 | D:9      | Reached skill level 8 in Axes
  8620 | D:9      | Noticed a death yak
  8620 | D:9      | Noticed a death yak
  8620 | D:9      | Noticed a death yak
  8707 | D:9      | Noticed a two-headed ogre
  8720 | D:9      | Killed a two-headed ogre
  8720 | D:9      | Reached XP level 10. HP: 77/77 MP: 10/10
  8880 | D:9      | Reached ***** piety under Trog
  8950 | D:9      | Found a glowing silver altar of Zin.
  9147 | D:9      | Reached skill level 5 in Dodging
  9149 | D:9      | Killed a death yak
  9149 | D:9      | Reached skill level 9 in Axes
  9158 | D:9      | Killed a death yak
  9160 | D:9      | Killed a death yak
  9221 | D:9      | Found a staircase to the Lair.
  9288 | D:10     | Entered Level 10 of the Dungeon
  9553 | D:10     | Found Qaiteefu's Changing Room.
  9609 | D:10     | Found Weif's Assorted Antiques.
  9614 | D:10     | Bought a battleaxe for 195 gold pieces
  9643 | D:10     | Received a gift from Trog
  9693 | D:10     | Found a sacrificial altar of Ru.
  9743 | D:10     | Found Gujai's Book Boutique.
  9773 | D:10     | Found Guntir's General Store.
  9781 | D:10     | Bought a scroll of blinking for 112 gold pieces
  9820 | D:10     | Reached skill level 10 in Axes
  9830 | D:10     | Reached XP level 11. HP: 73/85 MP: 11/11
  9842 | D:10     | Found a roughly hewn altar of Beogh.
  9842 | D:10     | Found a staircase to the Orcish Mines.
 10458 | D:11     | Noticed a green ugly thing
 10465 | D:11     | Killed a green ugly thing
 10672 | D:11     | Found Qelylibb's Book Emporium.
 11047 | Lair:1   | Entered Level 1 of the Lair of Beasts
 11071 | Lair:1   | Received a gift from Trog
 11300 | Lair:1   | Reached skill level 11 in Axes
 11528 | Lair:1   | Got a pair of polished boots
 11539 | Lair:1   | Identified the +1 pair of boots of the Depths {rPois rN+
                  | Str+4} (You found it on level 1 of the Lair of Beasts)
 12032 | Lair:2   | Found a hole to the Spider Nest.
 12239 | Lair:2   | Found a runed gate.
 12244 | Lair:2   | Found a runed gate.
 12245 | Lair:2   | Found a runed gate.
 12245 | Lair:2   | Noticed Hedig's ghost (journeyman GrEE)
 12580 | Lair:2   | Reached XP level 12. HP: 61/94 MP: 12/12
 12982 | Lair:3   | Reached skill level 12 in Axes
 13232 | Lair:3   | Received a gift from Trog
 13909 | Lair:4   | Found a staircase to the Swamp.
 14013 | Lair:4   | Noticed a catoblepas
 14366 | Lair:4   | Killed a catoblepas
 14561 | Lair:4   | Reached skill level 13 in Axes
 15175 | Lair:5   | Identified 3 scrolls of acquirement
 15211 | Lair:5   | Noticed a seven-headed hydra
 15223 | Lair:5   | Killed a seven-headed hydra
 15295 | Lair:5   | Received a gift from Trog
 15740 | Lair:5   | Noticed a six-headed hydra
 15929 | Lair:5   | Gained mutation: You have sharp fingernails. [demonic
                  | ancestry]
 15929 | Lair:5   | Reached XP level 13. HP: 56/101 MP: 13/13
 16007 | Lair:6   | Entered Level 6 of the Lair of Beasts
 16082 | Lair:6   | Found the +10 large shield of Ignorance {rN+ Int-4}
 16119 | Lair:6   | Reached skill level 5 in Throwing
 16725 | Lair:6   | Reached skill level 14 in Axes
 16969 | Lair:6   | Reached skill level 10 in Armour
 17190 | Lair:6   | Found a viscous altar of Jiyva.
 17190 | Lair:6   | Found a staircase to the Slime Pits.
 17270 | Lair:6   | Received a gift from Trog
 17279 | Lair:6   | Reached skill level 10 in Fighting
 17901 | Lair:6   | Reached skill level 15 in Axes
 17901 | Lair:6   | Reached XP level 14. HP: 110/110 MP: 14/14
 18326 | Lair:2   | Killed Hedig's ghost
 18498 | Orc:1    | Entered Level 1 of the Orcish Mines
 18502 | Orc:1    | Noticed Sonja
 18761 | Orc:1    | Found Vawumuru's Distillery.
 18823 | Orc:1    | Bought a potion of curing for 45 gold pieces
 18921 | Orc:2    | Entered Level 2 of the Orcish Mines
 19025 | Orc:2    | Noticed an orc warlord
 19366 | Orc:1    | Killed Sonja
 19650 | Orc:2    | Noticed Saint Roka
 19650 | Orc:2    | Noticed Urug
 19757 | Orc:1    | Killed an orc warlord
 19816 | Orc:2    | Noticed Erolcha
 19864 | Orc:1    | Received a gift from Trog
 19943 | Orc:1    | Killed Erolcha
 20267 | Orc:1    | Reached skill level 16 in Axes
 20705 | Orc:2    | Received a gift from Trog
 20706 | Orc:2    | Found a roughly hewn altar of Beogh.
 20916 | Orc:2    | Found a staircase to the Elven Halls.
 20917 | Orc:2    | Killed Urug
 21135 | Orc:2    | Killed Saint Roka
 21247 | Orc:2    | Found Amo Zaes's Antique Armour Boutique.
 21248 | Orc:2    | Found Sinkausi's Antique Weapon Boutique.
 21249 | Orc:2    | Found Yhyny's General Store.
 21249 | Orc:2    | Found Ogistom's Book Shop.
 21263 | Orc:2    | Bought an ancient scale mail for 234 gold pieces
 21274 | Orc:2    | Identified the +6 scale mail "Doero" {Str+5 SInv} (You
                  | bought it in a shop on level 2 of the Orcish Mines)
 21537 | Elf:1    | Entered Level 1 of the Elven Halls
 21550 | Elf:1    | Reached XP level 15. HP: 103/118 MP: 5/15
 22109 | D:12     | Got a transparent scale mail
 22120 | D:12     | Identified the cursed +1 scale mail of Gravity {rElec rCorr
                  | Str+6 Dex-4} (You found it on level 12 of the Dungeon)
 22676 | D:13     | Noticed Rupert
 22684 | D:13     | Killed Rupert
 22879 | D:13     | Received a gift from Trog
 22951 | D:13     | Found Techere's Armour Shoppe.
 23512 | D:13     | Found a gate to the Vaults.
 24320 | D:14     | Received a gift from Trog
 24346 | D:14     | Reached skill level 17 in Axes
 24612 | D:14     | Received a gift from Trog
 25046 | D:15     | Entered Level 15 of the Dungeon
 25580 | D:15     | Gained mutation: You have very sharp fingernails. [demonic
                  | ancestry]
 25580 | D:15     | Reached XP level 16. HP: 82/127 MP: 5/16
 26253 | D:15     | Found a staircase to the Depths.
 26518 | Spider:1 | Entered Level 1 of the Spider Nest
 26546 | Spider:1 | Found a frozen archway.
 26631 | IceCv    | Entered an ice cave
 26951 | IceCv    | Found the +8 Wrath of Trog {antimagic, *Rage}
 27429 | Spider:1 | Reached skill level 18 in Axes
 28980 | Spider:2 | Received a gift from Trog
 30350 | Spider:3 | Received a gift from Trog
 30572 | Spider:3 | Noticed Azrael
 30589 | Spider:3 | Killed Azrael
 30877 | Spider:3 | Gained mutation: You have claws for hands. [demonic
                  | ancestry]
 30877 | Spider:3 | Reached XP level 17. HP: 36/134 MP: 5/17
 31656 | Swamp:1  | Entered Level 1 of the Swamp
 31678 | Swamp:1  | Received a gift from Trog
 31698 | Swamp:1  | Noticed Frances
 31884 | Swamp:1  | Paralysed by a hornet for 3 turns
 31938 | Swamp:1  | Killed Frances
 32400 | Swamp:1  | Received a gift from Trog
 32411 | Swamp:1  | Mangled by a shambling mangrove

Skill      XL: |  1  2  3  4  5  6  7  8  9 10 11 12 13 14 15 16 17 |
---------------+----------------------------------------------------+-----
Axes           | 3 4 6 8 10 11 13 15 16 17 18 | 18.9
Dodging        | 2 3 4 5 6 7 8 9 |  9.6
Armour         | 2 3 4 5 6 7 8 9 10 11 12 | 12.4
Fighting       | 4 5 6 7 8 9 10 11 12 | 12.4
Stealth        | 1 |  1.4
Slings         | 2 4 |  4.8
Throwing       | 1 2 4 5 6 7 8 |  8.0
Evocations     | |  0.5

Action                   |  1- 3 |  4- 6 |  7- 9 | 10-12 | 13-15 | 16-18 || total
-------------------------+-------+-------+-------+-------+-------+-------++-------
Melee: Hand axe          |    95 |   235 |   362 |   134 |       |       ||   826
       Headbutt          |       |    22 |    78 |   155 |   312 |   144 ||   711
       Kick              |       |    25 |   103 |    18 |       |       ||   146
       Battleaxe         |       |       |       |   496 |   455 |   200 ||  1151
       Executioner's axe |       |       |       |       |   529 |   314 ||   843
 Fire: Hunting sling     |       |     3 |    42 |     7 |       |   159 ||   211
       Blowgun           |       |       |     3 |       |       |       ||     3
Throw: Stone             |     6 |     2 |     4 |     7 |       |       ||    19
       Javelin           |       |       |     9 |    42 |    81 |    17 ||   149
       Tomahawk          |       |       |       |    70 |   165 |   184 ||   419
Invok: Berserk           |     2 |     3 |     9 |     8 |    23 |     7 ||    52
       Trog's Hand       |       |     1 |     2 |     3 |     5 |     2 ||    13
       Brothers in Arms  |       |       |       |     6 |     5 |     9 ||    20
Evoke: Wand              |       |       |       |     3 |     3 |     2 ||     8
       Sack of spiders   |       |       |       |     1 |       |       ||     1
  Use: Scroll            |       |     5 |     8 |    16 |    14 |     6 ||    49
       Potion            |       |     1 |     1 |     1 |     3 |     6 ||    12
 Stab: Sleeping          |     1 |       |       |       |       |       ||     1
       Petrified         |       |       |       |       |     2 |       ||     2
       Distracted        |       |       |       |       |     1 |       ||     1
       Petrifying        |       |       |       |       |     1 |       ||     1
  Eat: Chunk             |     2 |     9 |    13 |    36 |    34 |     9 ||   103
       Ration            |       |     1 |     3 |     3 |     5 |     6 ||    18
Armor: Animal skin       |    13 |       |       |       |       |       ||    13
       Ring mail         |    15 |    89 |   108 |     7 |       |       ||   219
       Chain mail        |       |       |       |   410 |   454 |   413 ||  1277
       Plate armour      |       |       |       |       |   158 |       ||   158
Dodge: Dodged            |    65 |   155 |   223 |   373 |   777 |   546 ||  2139
